 Dungeon Crawl Stone Soup version 0.25.1-9-gc5326a611f (webtiles) character file.

Game seed: 962907634524419747

2127414 AlexTheUnready the Conqueror (level 27, 273/273 HPs)
             Began as a Hill Orc Gladiator on May 1, 2023.
             Was the Champion of Yredelemnul.
             Escaped with the Orb
             ... and 4 runes!
             The game lasted 04:03:03 (83062 turns).

AlexTheUnready the Conqueror (Hill Orc Gladiator)  Turns: 83062, Time: 04:03:03

Health: 273/273    AC: 47    Str: 29    XL:     27
Magic:  34/34      EV:  9    Int: 10    God:    Yredelemnul [******]
Gold:   5404       SH: 28    Dex: 19    Spells: 26/26 levels left

rFire    + + +     SeeInvis +   j - +9 broad axe (vorpal)
rCold    + + .     Gourm    .   z - +1 tower shield of Sin {rN+}
rNeg     + + +     Faith    +   u - +12 gold dragon scales
rPois    +         Spirit   .   (helmet restricted)
rElec    +         Reflect  .   J - +1 cloak {MR+}
rCorr    .         Harm     .   R - +2 pair of gloves
MR       +++++                  e - +0 pair of boots "Aridiwih" {*Contam rF++ rN+ Stlth+}
Stlth    ..........             p - amulet "Hyivodghi" {Faith rN+ Int-2 Dex+4}
HPRegen  0.55/turn              V - ring "Doplucs" {rElec rF+ Dex+2 Slay+5 SInv}
MPRegen  0.24/turn              o - ring of Foxziuf {Ice *Contam MR+++ Int+4 Dex-2}

@: no status effects
A: antennae 1, fangs 1, talons 1, thin skeletal structure 1
0: Orb of Zot
}: 4/15 runes: serpentine, barnacled, silver, abyssal
a: Recall Undead Slaves, Injury Mirror, Animate Dead, Drain Life, Enslave Soul,
Renounce Religion


You escaped.
You worshipped Yredelemnul.
Yredelemnul was exalted by your worship.
You were full.

You visited 10 branches of the dungeon, and saw 52 of its levels.
You visited the Abyss 4 times.
You also visited: Ossuary, Bailey and Desolation.

You collected 9335 gold pieces.
You spent 3931 gold pieces at shops.

Inventory:

Hand Weapons
 j - a +9 vorpal broad axe (weapon)
 r - a +1 broad axe of holy wrath
 B - the +7 great mace "Firestarter" {inner flame, rF++}
   (You found it on level 5 of the Vaults)

   It has been specially enchanted to burn those struck by it, causing extra
   injury to most foes and up to half again as much damage against particularly
   susceptible opponents.
   It greatly protects you from fire.
 S - the +3 Elemental Staff {rElec rF++ rC++ MR++ AC+5}
   (You took it off a deep elf demonologist on level 3 of the Elven Halls)

   It affects your AC (+5).
   It greatly protects you from fire.
   It greatly protects you from cold.
   It insulates you from electricity.
   It affects your resistance to hostile enchantments.
 U - the +12 Vampire's Tooth {vamp}
   (You found it in the Desolation of Salt)

   It inflicts no extra harm, but heals its wielder when it wounds a living foe.
 Z - the +3 arbalest of Obidox {penet, rPois}
   (You found it in the Desolation of Salt)

   Ammo fired by it will pass through the targets it hits, potentially hitting
   all targets in its path until it reaches maximum range.
   It protects you from poison.
Missiles
 h - 17 curare-tipped darts
 l - 25 javelins
 A - 12 silver boomerangs (quivered)
 C - 150 boomerangs
 M - 11 throwing nets
 O - 115 silver javelins
Armour
 c - a +2 helmet
 d - the +0 pair of boots of Insurance {Regen+ rCorr Int+6 Dex-5}
   (You found it on level 3 of the Elven Halls)

   It affects your intelligence (+6).
   It affects your dexterity (-5).
   It increases your rate of regeneration.
   It provides partial protection from all sources of acid and corrosion.
 e - the +0 pair of boots "Aridiwih" (worn) {*Contam rF++ rN+ Stlth+}
   (You found it on level 5 of the Vaults)

   It greatly protects you from fire.
   It protects you from negative energy.
   It causes magical contamination when unequipped.
   It makes you more stealthy.
 u - +12 gold dragon scales (worn)
 z - the +1 tower shield of Sin (worn) {rN+}
   (You acquired it on level 3 of the Crypt)

   It protects you from negative energy.
 G - the +10 plate armour "Bieqokhaof" {rElec rC+ Int-2 Dex+6}
   (You found it on level 5 of the Vaults)

   It affects your intelligence (-2).
   It affects your dexterity (+6).
   It protects you from cold.
   It insulates you from electricity.
 J - a +1 cloak of magic resistance (worn)
 R - a +2 pair of gloves (worn)
 X - the +8 chain mail of the Fiddle {rElec rCorr Stlth+}
   (You bought it in a shop on level 1 of the Shoals)

   It insulates you from electricity.
   It provides partial protection from all sources of acid and corrosion.
   It makes you more stealthy.
Jewellery
 o - the ring of Foxziuf (right hand) {Ice *Contam MR+++ Int+4 Dex-2}
   (You found it in the Desolation of Salt)

   [ring of ice]

   It enhances your ice magic.
   It affects your intelligence (+4).
   It affects your dexterity (-2).
   It makes you vulnerable to fire.
   It protects you from cold.
   It affects your resistance to hostile enchantments.
   It causes magical contamination when unequipped.
 p - the amulet "Hyivodghi" (around neck) {Faith rN+ Int-2 Dex+4}
   (You found it on level 6 of the Lair of Beasts)

   [amulet of faith]

   It allows you to gain divine favour quickly.
   It affects your intelligence (-2).
   It affects your dexterity (+4).
   It protects you from negative energy.
 t - the amulet "Plog" {*Drain rF+ rC+ Regen+}
   (You found it in the Desolation of Salt)

   [amulet of regeneration]

   It protects you from fire.
   It protects you from cold.
   It increases your rate of regeneration.
   It causes draining when unequipped.
 x - the ring "Maritoenn" {rC++ rN+ Str+4}
   (You found it on level 1 of the Shoals)

   [ring of positive energy]

   It affects your strength (+4).
   It greatly protects you from cold.
   It protects you from negative energy.
 Q - the amulet "Atoidete" {Spirit Fragile rElec rPois Stlth+}
   (You took it off a deep elf demonologist on level 3 of the Elven Halls)

   [amulet of guardian spirit]

   It causes incoming damage to be split between your health and magic.
   It insulates you from electricity.
   It protects you from poison.
   It will be destroyed if unequipped.
   It makes you more stealthy.
 V - the ring "Doplucs" (left hand) {rElec rF+ Dex+2 Slay+5 SInv}
   (You took it off a hell knight on level 3 of the Depths)

   [ring of protection from fire]

   It affects your dexterity (+2).
   It affects your accuracy and damage with ranged weapons and melee attacks
   (+5).
   It protects you from fire.
   It insulates you from electricity.
   It lets you see invisible.
 W - the ring "Noapemn" {+Inv rElec Str+6 Dex-4}
   (You found it in the Desolation of Salt)

   [ring of strength]

   It affects your strength (+6).
   It affects your dexterity (-4).
   It insulates you from electricity.
   It lets you turn invisible.
Wands
 a - a wand of digging (11)
 v - a wand of random effects (13)
 L - a wand of acid (13)
Scrolls
 b - 28 scrolls of identify
 i - 13 scrolls of fear
 m - 25 scrolls of remove curse
 s - 34 scrolls of teleportation
 w - 7 scrolls of summoning
 y - 9 scrolls of blinking
 D - 8 scrolls of fog
 F - a scroll of brand weapon
 I - 7 scrolls of magic mapping
Potions
 g - 2 potions of magic
 k - 3 potions of cancellation
 n - 25 potions of curing
 q - 17 potions of heal wounds
 E - 2 potions of invisibility
 K - 7 potions of might
 P - 6 potions of resistance
 T - 7 potions of haste
Comestibles
 f - 77 rations
 N - 2 chunks of flesh


   Skills:
 O Level 27 Fighting
 - Level 18.0 Axes
 * Level 17.7 Throwing
 + Level 25.8 Armour
 - Level 2.4 Dodging
 - Level 25.0 Shields
 - Level 15.0 Invocations


You had 26 spell levels left.
You didn't know any spells.
Your spell library contained the following spells:

 Spells                   Type           Power        Failure   Level  Hunger
 Animate Skeleton         Necr           N/A          93%         1    ##.....
 Beastly Appendage        Tmut           #.....       93%         1    ##.....
 Corona                   Hex            #......      93%         1    ##.....
 Foxfire                  Conj/Fire      #...         93%         1    ##.....
 Freeze                   Ice            #...         93%         1    ##.....
 Magic Dart               Conj           #...         93%         1    ##.....
 Pain                     Necr           #...         93%         1    ##.....
 Sandblast                Erth           #.....       93%         1    ##.....
 Shock                    Conj/Air       #...         93%         1    ##.....
 Summon Butterflies       Summ           #.......     93%         1    ##.....
 Blink                    Tloc           N/A          98%         2    ###....
 Call Imp                 Summ           #.......     98%         2    ###....
 Ensorcelled Hibernation  Hex/Ice        #.....       98%         2    ###....
 Passwall                 Tmut/Erth      #.......     98%         2    ###....
 Searing Ray              Conj           #.....       98%         2    ###....
 Slow                     Hex            #.......     98%         2    ###....
 Sticks to Snakes         Tmut           #.......     98%         2    ###....
 Sublimation of Blood     Necr           #.........   98%         2    ###....
 Swiftness                Chrm/Air       #.......     98%         2    ###....
 Call Canine Familiar     Summ           #.......     100%        3    ####...
 Confusing Touch          Hex            #.......     100%        3    ####...
 Conjure Flame            Conj/Fire      #.......     100%        3    ####...
 Dazzling Flash           Conj/Hex       #.....       100%        3    ####...
 Frozen Ramparts          Ice            #.....       100%        3    ####...
 Gell's Gravitas          Tloc           #.........   100%        3    ####...
 Ignite Poison            Fire/Tmut/Pois #.......     100%        3    ####...
 Inner Flame              Hex/Fire       #.......     100%        3    ####...
 Mephitic Cloud           Conj/Pois/Air  #.......     100%        3    ####...
 Ozocubu's Armour         Chrm/Ice       #.......     100%        3    ####...
 Portal Projectile        Hex/Tloc       #.....       100%        3    ####...
 Recall                   Summ/Tloc      N/A          100%        3    ####...
 Spider Form              Tmut/Pois      #.........   100%        3    ####...
 Static Discharge         Conj/Air       #.......     100%        3    ####...
 Stone Arrow              Conj/Erth      #.....       100%        3    ####...
 Tukima's Dance           Hex            #.......     100%        3    ####...
 Vampiric Draining        Necr           #.........   100%        3    ####...
 Airstrike                Air            #.........   100%        4    #####..
 Animate Dead             Necr           N/A          100%        4    #####..
 Cause Fear               Hex            #.........   100%        4    #####..
 Fulminant Prism          Conj/Hex       #.........   100%        4    #####..
 Hailstorm                Conj/Ice       #.......     100%        4    #####..
 Ice Form                 Ice/Tmut       #.......     100%        4    #####..
 Iskenderun's Mystic Bla  Conj/Tloc      #.......     100%        4    #####..
 Leda's Liquefaction      Hex/Erth       #.........   100%        4    #####..
 Petrify                  Tmut/Erth      #.......     100%        4    #####..
 Summon Ice Beast         Ice/Summ       #.......     100%        4    #####..
 Agony                    Necr           #.......     100%        5    ######.
 Alistair's Intoxication  Tmut/Pois      #.......     100%        5    ######.
 Aura of Abjuration       Summ           #.........   100%        5    ######.
 Blade Hands              Tmut           #.........   100%        5    ######.
 Borgnjor's Vile Clutch   Necr/Erth      #.........   100%        5    ######.
 Excruciating Wounds      Chrm/Necr      #.........   100%        5    ######.
 Irradiate                Conj/Tmut      #.........   100%        5    ######.
 Lee's Rapid Deconstruct  Erth           #.........   100%        5    ######.
 Lightning Bolt           Conj/Air       #.........   100%        5    ######.
 Metabolic Englaciation   Hex/Ice        #.........   100%        5    ######.
 Summon Demon             Summ           #.........   100%        5    ######.
 Summon Forest            Summ/Tloc      #.........   100%        5    ######.
 Summon Mana Viper        Hex/Summ       #.......     100%        5    ######.
 Yara's Violent Unravell  Hex/Tmut       #.........   100%        5    ######.
 Darkness                 Hex            #.........   100%        6    #######
 Eringya's Noxious Bog    Tmut/Pois      #.........   100%        6    #######
 Freezing Cloud           Conj/Ice/Air   #.........   100%        6    #######
 Invisibility             Hex            #.......     100%        6    #######
 Ozocubu's Refrigeration  Ice            #.........   100%        6    #######
 Shadow Creatures         Summ           N/A          100%        6    #######
 Simulacrum               Ice/Necr       #.........   100%        6    #######
 Dragon Form              Tmut           #.........   100%        7    #######
 Orb of Destruction       Conj           #.........   100%        7    #######
 Summon Hydra             Summ           #.........   100%        7    #######
 Chain Lightning          Conj/Air       #.........   100%        8    #######
 Ignition                 Fire           #.........   100%        8    #######
 Lehudib's Crystal Spear  Conj/Erth      #.........   100%        8    #######
 Absolute Zero            Ice            #.........   100%        9    #######
 Dragon's Call            Summ           #.........   100%        9    #######
 Fire Storm               Conj/Fire      #.........   100%        9    #######
 Shatter                  Erth           #.........   100%        9    #######
 Tornado                  Air            #.........   100%        9    #######
 Passage of Golubria      Tloc           Unusable     N/A         4    N/A

Dungeon Overview and Level Annotations

Branches:
Dungeon (15/15)            Temple (0/1) D:5            Lair (6/6) D:9
 Shoals (4/4) Lair:3        Snake (4/4) Lair:4        Slime (0/5) Lair:6
    Orc (2/2) D:9             Elf (3/3) Orc:2        Vaults (5/5) D:14
  Crypt (3/3) Vaults:2       Tomb (0/3) Crypt:3      Depths (5/5) D:15
    Zot (5/5) Depths:5    Ossuary (visited)          Bailey (visited)
Desolation (visited)

Altars:
Cheibriados
Elyvilon
Kikubaaqudgha
Okawaru
Qazlal
Ru
Trog
Xom
Yredelemnul
The Shining One
Beogh
Lugonu

Shops:
D:4 [   D:5 !   D:6 (?   D:12 !}[[(   Orc:1 (%?*   Orc:2 %?}(   Elf:2 :
Elf:3 *   Shoals:1 [   Snake:3 :   Vaults:1 :   Vaults:4 ?   Vaults:5 *

Portals:
Hell: Depths:1 Depths:2 Depths:3 Depths:4 Depths:5
Abyss: Depths:2 Depths:4
Pandemonium: Orc:2 Depths:3
Ziggurat: Depths:2
Trove: Depths:4 (give 5 scrolls of blinking)


Innate Abilities, Weirdness & Mutations

You have a pair of small antennae on your head.
You have very sharp teeth.
You have sharp toenails.
You have a somewhat thin skeletal structure. (Dex +2, Stealth)


Message History

You kill the sun demon!
Yredelemnul accepts your kill.
There is a stone staircase leading up here.
You climb upwards.
There is a stone staircase leading down here.
There is an empty arch of ancient stone here.
There is a staircase leading out of the dungeon here.
Really quaff the potion of mutation?
You feel extremely strange.
You feel less resistant to poisons.
You feel a little more calm.
You feel clumsy.
Your body twists and deforms.
Your bones become slightly less dense.
Okay, then.
Really quaff the potion of mutation?
You feel extremely strange.
Your body's shape seems more normal.
A pair of antennae grows on your head!
Your +2 helmet falls away!
Your toenails lengthen and sharpen.
Unknown command.
You have escaped!

........# #.##..# ##..# #######.#
#☼#♣♣.♣♣###§########## #.#
##♣°.♣...♣♣#.>......... #.#
#○§♣♣..♣♣♣§§°########## #.#
#§♣♣♣8.8.§♣○## #(# #♣§○8...8♣..##
#.##♣♣♣8§§∩..8♣♣.##
##.##..8§§☼....8.♣°##
#....♣♣..∩.@.∩...♣..########
######..##♣.8.......8♣...........
........##.♣.8..○..8§♣♣☼.#.######
######.####.♣♣8...8♣♣§§☼.#.# #
#.# #♣♣.°8.8..♣§§§.#.# # #.#
#§○♣♣.♣♣♣♣..#○.#.# ######.#
##§♣.♣♣..♣§§#....#
...)...#######.♣.♣♣##.##.###
...[...............#.....#


There were no monsters in sight!

Vanquished Creatures
  3 orbs of fire
  6 ancient liches
  Frederick (Vaults:5)
  2 Killer Klowns
  6 golden dragons
  A profane servitor (Crypt:3)
  An electric golem (Zot:5)
  2 liches
  A Brimstone Fiend (D:13)
  15 tentacled monstrosities
  21 Orb Guardians (Zot:5)
  A titan (Vaults:5)
  A deep elf blademaster (Elf:3)
  2 deep elf master archers (Elf:3)
  6 quicksilver dragons
  3 tentacled starspawn (Abyss:3)
  3 sphinxes
  2 Executioners
  6 death cobs
  An ancient champion (Crypt:3)
  12 storm dragons
  7 tengu reavers
  A nagaraja (Snake:4)
  10 shadow dragons
  2 revenants
  3 draconian monks
  6 draconian knights
  9 frost giants
  6 fire giants
  3 deep elf sorcerers
  6 draconian scorchers
  An emperor scorpion (Depths:2)
  3 ghost moths
  2 imperial myrmidons (Desolation)
  13 vault wardens
  3 iron dragons (Depths:4)
  An orc warlord (Vaults:5)
  Aizul (Snake:1)
  4 draconian stormcallers
  3 draconian annihilators
  A ghoul (Crypt:2)
  3 deep elf elementalists (Elf:3)
  4 draconian shifters
  12 ironheart preservers
  5 caustic shrike skeletons (Depths:2)
  2 spriggan defenders
  A reaper (Crypt:2)
  A war gargoyle (Vaults:5)
  12 very ugly things
  3 vampire knights
  13 stone giants
  A corrupter (D:2)
  3 deep elf annihilators
  6 deep elf demonologists
  4 entropy weavers
  9 white draconians
  2 yellow draconians
  The ghost of Vuopinle the Blocker, a journeyman GnFi of Okawaru (Lair:5)
  10 green draconians
  2 halazid warlocks (Desolation)
  11 black draconians
  Azrael (D:12)
  7 red draconians
  A dire elephant (D:15)
  7 purple draconians
  2 merfolk javelineers (Shoals:1)
  7 deep elf death magi
  10 jiangshi
  An eidolon (Crypt:2)
  13 ettins
  3 merfolk impalers
  Snorg (Lair:4)
  8 fire dragons
  2 deep elf high priests
  2 crystal guardians (Desolation)
  5 ragged hierophants (Desolation)
  4 rakshasas
  8 great orbs of eyes
  8 naga warriors
  17 yaktaur captains
  2 peacekeepers (Desolation)
  6 servants of whispers
  18 vault guards
  A merfolk avatar (Shoals:4)
  8 ice dragons
  3 spriggan air magi
  A hell beast (Depths:5)
  2 merfolk aquamancers (Shoals:4)
  6 death knights
  A catoblepas (Lair:5)
  8 hydras
  8 centaur warriors
  3 anacondas
  3 alligators
  A tengu warrior (Depths:5)
  23 two-headed ogres
  28 dancing weapons
  5 deep troll shamans
  4 hell hogs (D:2)
  11 ogre magi
  9 deep troll earth magi
  A queen ant (Lair:6)
  2 shock serpents
  3 vampire magi
  2 thrashing horrors (Abyss:3)
  7 naga sharpshooters
  11 spriggan berserkers
  9 large abominations
  A soul eater (Depths:3)
  3 sun demons
  2 orc high priests (Orc:2)
  32 spriggans
  13 deep elf knights
  5 shadow wraiths
  A wretched star (Abyss:3)
  11 skeletal warriors
  A salamander mystic (Snake:2)
  5 unseen horrors
  3 flayed ghosts
  2 hell knights
  15 deep trolls
  6 spriggan druids (Depths:2)
  4 sea snakes
  A golden dragon zombie (Depths:5)
  A torturous demonspawn (Depths:3)
  An iron troll (Depths:1)
  2 glowing orange brains
  4 naga ritualists
  2 swamp dragons (shapeshifter)
  12 deep elf archers
  A shadow demon (Abyss:3)
  3 wizards
  A lindwurm (Lair:3)
  3 phantasmal warriors
  An obsidian statue (Zot:5)
  12 ironbrand convokers
  A wolf spider zombie (D:14)
  15 harpies
  7 orc knights
  3 salamanders
  4 wolf spiders
  56 deep elf magi
  A necromancer (Vaults:4)
  2 fauns
  6 oklob plants (Zot:4)
  A fire giant zombie (Crypt:1)
  7 mana vipers
  3 orc sorcerers
  12 ugly things
  8 cyclopes
  2 apocalypse crabs (Abyss:3)
  25 moths of wrath
  6 manticores
  6 elephants
  An iron dragon skeleton (Crypt:2)
  5 centaur zombies
  16 naga magi
  3 gargoyles
  3 guardian serpents
  A rust devil (Depths:5)
  15 black mambas
  7 vault sentinels
  A merfolk siren (Shoals:2)
  An orange demon (Orc:2)
  11 spiny frogs
  A hellion (Zot:1)
  3 smoke demons
  A molten gargoyle (Desolation)
  Maggie (D:7)
  A rime drake (shapeshifter) (Vaults:4)
  A rime drake (Lair:2)
  42 yaktaurs
  12 freezing wraiths
  A kobold demonologist (D:10)
  7 komodo dragons
  A hellwing (Abyss:3)
  3 ancient zymes (Abyss:3)
  6 tengu conjurers
  A red devil (Depths:5)
  4 merfolk
  6 guardian mummies (Crypt:3)
  A queen bee (Lair:2)
  14 hornets
  A death drake zombie (Crypt:2)
  2 meliai (D:13)
  2 trolls
  A silent spectre (Abyss:3)
  3 polar bears
  A merfolk (shapeshifter) (Vaults:5)
  3 blink frogs
  A hornet (shapeshifter) (Abyss:3)
  A jumping spider zombie (Crypt:1)
  A jumping spider (Vaults:5)
  A shadow dragon simulacrum (Depths:5)
  Grinder (D:3)
  A bog body (Crypt:2)
  A wind drake (Shoals:3)
  49 saltlings
  A death drake skeleton (Crypt:2)
  A raiju (Abyss:3)
  11 slime creatures
  2 snapping turtles
  A snapping turtle (shapeshifter) (Vaults:1)
  A stone giant simulacrum (Vaults:3)
  A meliai zombie (D:15)
  8 dream sheep
  2 hippogriffs
  45 flying skulls
  2 vampires
  A tarantella (Vaults:2)
  3 water elementals
  3 shadows (Crypt:3)
  2 redbacks
  2 air elementals (Elf:1)
  An ettin skeleton (Crypt:1)
  10 wraiths
  A hog (shapeshifter) (Elf:1)
  A wyvern (shapeshifter) (Depths:2)
  A ynoxinul (Abyss:3)
  A wyvern (D:11)
  A fire bat (shapeshifter) (Vaults:5)
  3 small abominations (Abyss:3)
  9 humans (D:14)
  A human (shapeshifter) (Vaults:5)
  30 yaks
  2 hungry ghosts
  Grum (D:8)
  A vampire mosquito (Depths:4)
  A hog (Lair:5)
  2 chaos spawn
  A neqoxec (Abyss:3)
  4 fire elementals
  A basilisk (Lair:6)
  A soldier ant (Lair:6)
  Menkaure (D:7)
  20 nagas
  3 wargs
  4 swamp worms (Depths:4)
  3 acid dragons
  3 hell hounds
  6 porcupines
  8 water moccasins
  2 floating eyes
  31 orc warriors
  4 black bears
  An eye of draining (shapeshifter) (Vaults:2)
  2 ice beasts
  3 phantoms
  6 starcursed masses (Abyss:3)
  2 sky beasts (D:7)
  An eye of draining (D:13)
  7 necrophages
  26 ogres
  9 boggarts
  21 wolves
  10 centaurs
  6 crocodiles
  4 big kobolds
  9 bullfrogs
  A salamander zombie (Crypt:1)
  A yaktaur zombie (Crypt:2)
  2 elf skeletons (D:7)
  4 scorpions
  A yak zombie (Crypt:1)
  29 killer bees
  14 wights
  A howler monkey (D:7)
  11 crimson imps
  A bullfrog zombie (D:13)
  2 quasits
  9 jellies
  18 orc wizards
  A human zombie (D:7)
  13 orc priests
  A gnoll shaman (D:8)
  6 hounds
  2 centaur skeletons
  6 iguanas
  A human skeleton (D:7)
  Natasha (thrice) (D:3)
  12 worker ants
  Ijyb (D:4)
  8 big kobold zombies (Ossuary)
  A dwarf zombie (Crypt:2)
  2 big kobold skeletons (Crypt:2)
  2 human simulacra (D:9)
  A mummy (Ossuary)
  A howler monkey skeleton (D:8)
  10 adders
  8 gnolls
  3 shadow imps
  11 oozes
  An adder skeleton (D:5)
  An adder zombie (D:6)
  2 dart slugs
  7 leopard geckos
  93 orcs
  2 spectral bats (Ossuary)
  A ball python (D:6)
  6 giant cockroaches
  4 gnoll zombies (Ossuary)
  12 goblins
  7 hobgoblins
  16 jackals
  30 kobolds
  6 quokkas
  7 bats
  6 bat simulacra (Ossuary)
  5 frilled lizards
  A giant cockroach zombie (Crypt:2)
  4 goblin simulacra (Ossuary)
  7 goblin zombies (Ossuary)
  2 hobgoblin zombies (Ossuary)
  A jackal zombie (D:6)
  2 kobold zombies (Ossuary)
  A leopard gecko skeleton (D:4)
  An orc skeleton (D:7)
  8 orc zombies
  8 rats
  4 rat simulacra (Ossuary)
  3 spectral goblins (Ossuary)
  3 spectral kobolds (Ossuary)
  3 spectral rats (Ossuary)
  A bush (Zot:4)
  9 crawling corpses
  10 fungi
  8 plants
  3 starspawn tentacles (Abyss:3)
1954 creatures vanquished.

Vanquished Creatures (collateral kills)
  3 orbs of fire
  Khufu (Crypt:3)
  3 ancient liches
  Sojobo (Depths:2)
  A Killer Klown (Zot:5)
  Nikola (Shoals:2)
  5 golden dragons
  the Enchantress (Depths:2)
  A bone dragon (Crypt:3)
  2 liches
  An electric golem (Zot:5)
  A Tzitzimitl (Zot:5)
  2 tentacled monstrosities
  4 Orb Guardians (Zot:5)
  2 pandemonium lords
  A titan (Vaults:5)
  3 sphinxes
  2 ancient champions (Crypt:1)
  3 storm dragons
  3 shadow dragons
  The ghost of Fuofotem the Brawler, an adept TrMo of Nemelex Xobeh (Depths:3)
  7 nagarajas
  Donald (Shoals:4)
  Ilsuiw (Shoals:2)
  A tengu reaver (Depths:1)
  The ghost of KappaVara the Peltast, an adept DsFi of Okawaru (Shoals:1)
  Kirke (Lair:5)
  3 vault wardens
  3 fire giants
  A ghost moth (Zot:4)
  A frost giant (Vaults:4)
  A deep elf sorcerer (Elf:3)
  7 very ugly things
  4 deep elf elementalists
  A cacodemon (Depths:3)
  3 ghouls
  5 spriggan defenders
  7 stone giants
  2 draconian annihilators
  A reaper (Crypt:2)
  A draconian shifter (Zot:1)
  2 vampire knights
  A caustic shrike skeleton (Depths:2)
  Nessos (Lair:4)
  5 green draconians
  4 ironheart preservers
  5 deep elf demonologists
  An entropy weaver (Lair:6)
  8 deep elf annihilators
  A black draconian (Zot:4)
  A yellow draconian (Zot:1)
  2 purple draconians (Zot:1)
  3 white draconians
  5 red draconians
  8 merfolk javelineers
  An eidolon (Crypt:2)
  A green death (Depths:1)
  3 deep elf death magi
  3 ettins
  2 mummy priests (Crypt:3)
  3 fire dragons
  3 deep elf high priests
  8 merfolk impalers
  The ghost of Thomus the Devastator, a journeyman DECj of Vehumet (Orc:2)
  4 ragged hierophants (Desolation)
  7 yaktaur captains
  A spectral kraken (Shoals:1)
  Fannar (Orc:1)
  5 jiangshi
  5 great orbs of eyes
  3 rakshasas
  Josephine (D:10)
  4 servants of whispers (Desolation)
  3 spriggan air magi (Depths:2)
  8 vault guards
  15 naga warriors
  2 ice dragons
  2 catoblepae
  An alligator snapping turtle (Shoals:4)
  6 hydras
  3 peacekeepers (Desolation)
  11 two-headed ogres
  2 death knights (Crypt:1)
  4 centaur warriors
  7 anacondas
  2 merfolk aquamancers (Shoals:4)
  A dancing weapon (Elf:2)
  A death yak (Depths:2)
  3 deep troll earth magi
  2 tengu warriors (Depths:1)
  A satyr (Shoals:2)
  2 deep troll shamans (Depths:1)
  5 ogre magi
  An alligator (Depths:4)
  7 naga sharpshooters
  3 vampire magi
  5 orc high priests
  2 deep elf knights
  A spriggan berserker (Depths:2)
  5 shock serpents
  2 soul eaters
  Sonja (D:12)
  A sixfirhy (Zot:1)
  A wretched star (Abyss:3)
  2 shadow wraiths
  2 unseen horrors (D:13)
  3 iron trolls (Depths:1)
  5 sea snakes
  3 flayed ghosts
  9 skeletal warriors
  4 deep trolls (Depths:5)
  A spriggan druid (Depths:2)
  An unseen horror (shapeshifter) (Vaults:3)
  5 naga ritualists
  A swamp dragon (Depths:4)
  A gelid demonspawn (Orc:2)
  4 phantasmal warriors
  3 wizards
  13 deep elf archers
  A lindwurm (Lair:3)
  2 kraken simulacra
  4 ironbrand convokers
  16 harpies
  22 deep elf magi
  11 orc knights
  12 fauns
  2 necromancers
  5 orc sorcerers
  5 ugly things
  4 wolf spiders
  3 mana vipers
  5 oklob plants (Zot:4)
  4 large abominations
  8 salamanders
  13 cyclopes
  6 moths of wrath
  9 manticores
  12 merfolk sirens
  2 guardian serpents (shapeshifter)
  4 guardian serpents
  4 elephants (Lair:6)
  19 naga magi
  21 black mambas
  An elephant (shapeshifter) (Vaults:4)
  6 vault sentinels
  2 centaur zombies
  A centaur skeleton (D:10)
  8 spiny frogs
  4 water nymphs
  A gargoyle (D:14)
  A fire giant skeleton (Crypt:3)
  3 orange demons
  2 komodo dragons
  25 yaktaurs
  An efreet (Zot:3)
  A kobold demonologist (D:10)
  A komodo dragon (shapeshifter) (Vaults:3)
  A rime drake (Lair:3)
  A tormentor (Depths:4)
  An anaconda simulacrum (Crypt:3)
  A starcursed mass (Abyss:3)
  4 freezing wraiths
  An ancient zyme (Abyss:3)
  A redback zombie (D:14)
  2 meliai (shapeshifter)
  A catoblepas skeleton (Crypt:3)
  A meliai (D:13)
  A guardian mummy (Crypt:3)
  A queen bee (shapeshifter) (D:13)
  5 wind drakes (Shoals:4)
  21 merfolk
  11 hornets
  3 trolls
  A raiju (Abyss:3)
  A polar bear (Lair:3)
  3 bog bodies (Crypt:2)
  A blink frog (shapeshifter) (Depths:1)
  3 snapping turtles
  7 saltlings (Desolation)
  10 hippogriffs
  13 slime creatures
  8 dream sheep
  A centaur simulacrum (D:11)
  An air elemental (Elf:1)
  18 spriggans
  2 shadows
  2 redbacks (Vaults:2)
  2 wyverns (D:13)
  23 flying skulls
  2 vampires (Depths:2)
  3 wraiths (D:10)
  4 small abominations
  9 water elementals
  A hog (shapeshifter) (Vaults:1)
  16 yaks
  A wyvern (shapeshifter) (Vaults:2)
  3 hogs (Lair:5)
  2 golden eyes (Zot:3)
  3 fire elementals
  A basilisk (shapeshifter) (Vaults:4)
  13 humans (D:14)
  A chaos spawn (Orc:2)
  A hungry ghost (D:15)
  2 vampire mosquitoes
  3 neqoxecs (Orc:2)
  18 nagas
  A swamp worm (Depths:4)
  3 acid dragons
  4 soldier ants (Lair:6)
  A gelid demonspawn skeleton (Crypt:2)
  5 water moccasins
  A floating eye (shapeshifter) (Depths:1)
  2 porcupines
  3 hell hounds (D:12)
  3 sky beasts
  An eye of draining (D:10)
  32 orc warriors
  A black bear (Lair:6)
  5 ice beasts
  A necrophage (D:10)
  9 ogres
  8 boggarts
  5 wolves (Lair:6)
  A swamp dragon skeleton (Crypt:2)
  6 centaurs
  14 crocodiles
  3 big kobolds
  2 bullfrogs
  A scorpion (D:9)
  15 killer bees
  8 wights
  6 electric eels
  A crimson imp (D:10)
  2 quasits (Orc:2)
  A human zombie (Crypt:1)
  10 jellies
  19 orc priests
  4 orc wizards
  A bullfrog skeleton (D:13)
  An iguana (D:12)
  8 worker ants
  A hound skeleton (Crypt:2)
  A worker ant zombie (D:9)
  An adder (D:12)
  2 gnolls (D:11)
  A steam dragon zombie (Crypt:1)
  4 oozes (D:14)
  34 orcs
  A goblin (D:11)
  A quokka (D:10)
  A ball python zombie (Crypt:1)
  7 kobolds
  3 bushes
  2 crawling corpses (Elf:3)
  11 fungi
  110 plants
  2 tentacles
1220 creatures vanquished.

Vanquished Creatures (others)
  A golden dragon (Depths:5)
  A profane servitor (Zot:3)
  A draconian knight (Zot:3)
  A draconian scorcher (Depths:5)
  14 ghouls
  A draconian annihilator (Zot:3)
  A spectral titan (Vaults:5)
  22 vampire knights
  4 very ugly thing zombies (Depths:5)
  2 quicksilver dragon zombies
  A spectral human (Vaults:2)
  A storm dragon zombie (Zot:3)
  15 skeletal warriors
  20 flayed ghosts
  A deep troll (Depths:5)
  An anaconda zombie (Snake:4)
  10 phantasmal warriors
  3 ugly thing zombies (Depths:5)
  2 draconian zombies (Zot:3)
  A fire giant zombie (Depths:5)
  2 spectral orcs
  A purple draconian zombie (Zot:2)
  5 green draconian zombies
  A yaktaur (Depths:5)
  A white draconian zombie (Zot:2)
  A black draconian skeleton (Zot:3)
  A tengu conjurer (Depths:3)
  3 hornets (Depths:2)
  A saltling (Desolation)
  An ettin zombie (Depths:5)
  An ice dragon zombie (Depths:5)
  8 spriggans (Depths:2)
  A deep troll skeleton (Depths:1)
  6 flying skulls
  6 wraiths
  6 elf zombies
  14 vampires
  A human (Lair:5)
  A naga (Snake:4)
  2 deep troll zombies (Depths:5)
  2 orc warriors (Vaults:4)
  3 boggarts
  3 yaktaur zombies
  A yaktaur skeleton (Vaults:4)
  A yak zombie (Lair:6)
  3 wights
  A wolf zombie (D:8)
  A centaur zombie (Depths:1)
  An orc wizard (D:9)
  3 naga zombies (Snake:4)
  An ufetubus (Abyss:3)
  A leopard gecko (D:3)
  2 orcs
  A bush (Zot:4)
  2 crawling corpses
  4 fungi
  15 plants
  4 starspawn tentacles (Abyss:3)
  10 tentacles
225 creatures vanquished.

Grand Total: 3399 creatures vanquished

Notes
Turn   | Place    | Note
-------+----------+-------------------------------------------
     0 | D:1      | AlexTheUnready the Hill Orc Gladiator began the quest for
                  | the Orb.
     0 | D:1      | Reached XP level 1. HP: 18/18 MP: 1/1
    90 | D:1      | Reached XP level 2. HP: 24/25 MP: 2/2
   111 | D:1      | You fall into a shaft and drop 1 floor!
   224 | D:1      | Reached skill level 5 in Axes
   289 | D:1      | Reached XP level 3. HP: 30/30 MP: 3/3
   932 | D:2      | Reached skill level 3 in Fighting
   932 | D:2      | Reached XP level 4. HP: 32/38 MP: 4/4
  1208 | D:2      | Reached skill level 1 in Armour
  1907 | D:3      | Noticed Natasha
  1921 | D:3      | Killed Natasha
  1921 | D:3      | Reached XP level 5. HP: 24/45 MP: 5/5
  2103 | D:3      | Noticed Grinder
  2356 | D:3      | Killed Grinder
  2356 | D:3      | Reached skill level 1 in Shields
  2356 | D:3      | Reached XP level 6. HP: 52/52 MP: 6/6
  2411 | D:3      | Found a basalt altar of Yredelemnul.
  2429 | D:3      | Found a glowing golden altar of the Shining One.
  2433 | D:3      | Noticed a profane servitor
  2438 | D:3      | Became a worshipper of Yredelemnul the Dark
  2566 | D:3      | Noticed Natasha
  2576 | D:3      | Killed Natasha
  2721 | D:3      | Noticed Natasha
  2727 | D:3      | Killed Natasha
  2731 | D:3      | Noticed an angel
  3014 | D:4      | Found Puozep's Armour Shop.
  3031 | D:4      | Reached XP level 7. HP: 56/58 MP: 7/7
  3076 | D:4      | Found an iron altar of Okawaru.
  3206 | D:4      | Noticed Ijyb
  3223 | D:4      | Killed Ijyb
  3808 | D:5      | Entered Level 5 of the Dungeon
  3904 | D:5      | Reached skill level 4 in Fighting
  4151 | D:5      | Found a shimmering altar of Xom.
  4239 | D:5      | Found a bloodstained altar of Trog.
  4262 | D:5      | Found a staircase to the Ecumenical Temple.
  4290 | D:5      | Reached XP level 8. HP: 66/66 MP: 8/8
  4363 | D:5      | Found a stormy altar of Qazlal.
  4567 | D:5      | Found Kegear's Distillery.
  4579 | D:5      | Bought a potion of degeneration for 15 gold pieces
  4579 | D:5      | Bought a potion of flight for 45 gold pieces
  4579 | D:5      | Bought a potion of heal wounds for 75 gold pieces
  4579 | D:5      | Bought a potion of might for 60 gold pieces
  4579 | D:5      | Bought a potion of brilliance for 60 gold pieces
  4812 | D:6      | Reached skill level 10 in Axes
  5006 | D:5      | Reached * piety under Yredelemnul
  5165 | D:6      | Found Voysod's Weapon Boutique.
  5177 | D:6      | Found Urchapn's Magic Scroll Shop.
  5185 | D:6      | Bought a scroll of identify for 22 gold pieces
  5185 | D:6      | Bought a scroll of teleportation for 33 gold pieces
  5277 | D:6      | Reached skill level 1 in Invocations
  5423 | D:6      | Reached skill level 5 in Shields
  5655 | D:6      | Reached skill level 5 in Fighting
  5875 | D:7      | Reached XP level 9. HP: 69/74 MP: 10/10
  6138 | D:7      | Reached ** piety under Yredelemnul
  6208 | D:7      | Found a sand-covered staircase.
  6219 | Ossuary  | Entered an ossuary
  6516 | Ossuary  | Reached *** piety under Yredelemnul
  6948 | D:7      | Reached **** piety under Yredelemnul
  6970 | D:7      | Noticed Menkaure
  6976 | D:7      | Killed Menkaure
  7070 | D:7      | Noticed Maggie
  7089 | D:7      | Killed Maggie
  7323 | D:7      | Reached XP level 10. HP: 66/83 MP: 13/13
  7326 | D:7      | Reached skill level 6 in Fighting
  7917 | D:8      | Reached skill level 5 in Invocations
  8013 | D:8      | Found an ancient bone altar of Kikubaaqudgha.
  8226 | D:8      | Noticed Grum
  8228 | D:8      | Noticed a two-headed ogre
  8258 | D:8      | Killed a two-headed ogre
  8258 | D:8      | Reached skill level 5 in Armour
  8810 | D:8      | Found an iron altar of Okawaru.
  8819 | D:8      | Found a snail-covered altar of Cheibriados.
  9215 | D:8      | Killed Grum
 10033 | D:9      | Received a gift from Yredelemnul (4 flying skulls)
 10124 | D:9      | Found a staircase to the Orcish Mines.
 10303 | D:9      | Found a staircase to the Lair.
 10458 | D:9      | Noticed a gargoyle
 10475 | D:9      | Killed a gargoyle
 10475 | D:9      | Reached XP level 11. HP: 76/91 MP: 15/15
 10618 | D:9      | Reached skill level 15 in Axes
 10621 | D:9      | Reached skill level 7 in Fighting
 10736 | D:9      | Noticed a three-headed hydra
 10743 | D:9      | Killed a three-headed hydra
 10743 | D:9      | Reached ***** piety under Yredelemnul
 10890 | D:9      | Received a gift from Yredelemnul (2 flying skulls)
 11115 | Lair:1   | Entered Level 1 of the Lair of Beasts
 11935 | Lair:2   | Received a gift from Yredelemnul (a wight)
 11979 | Lair:2   | Noticed a five-headed hydra
 11986 | Lair:2   | Killed a five-headed hydra
 12176 | Lair:2   | Noticed a six-headed hydra
 12183 | Lair:2   | Killed a six-headed hydra
 12183 | Lair:2   | Reached skill level 8 in Fighting
 12303 | Lair:2   | Received a gift from Yredelemnul (a wraith)
 12322 | Lair:2   | Reached XP level 12. HP: 52/102 MP: 18/18
 13053 | Lair:3   | Received a gift from Yredelemnul (a wight)
 13480 | Lair:3   | Received a gift from Yredelemnul (a vampire)
 13626 | Lair:3   | Found a staircase to the Shoals.
 13742 | Lair:3   | Reached skill level 9 in Fighting
 13843 | Lair:3   | Received a gift from Yredelemnul (a wraith)
 14617 | Lair:4   | Found a staircase to the Snake Pit.
 14692 | Lair:4   | Noticed Nessos
 14713 | Lair:4   | Killed Nessos
 14713 | Lair:4   | Reached skill level 10 in Shields
 15452 | Lair:4   | Noticed Snorg
 15467 | Lair:4   | Killed Snorg
 15467 | Lair:4   | Reached XP level 13. HP: 45/111 MP: 14/19
 15720 | Lair:4   | Noticed Nergalle
 15730 | Lair:4   | Killed Nergalle
 15730 | Lair:4   | Enslaved Nergalle
 16117 | Lair:5   | Found a runed translucent gate.
 16118 | Lair:5   | Found a runed translucent gate.
 16118 | Lair:5   | Noticed Vuopinle's ghost (journeyman GnFi)
 16119 | Lair:5   | Found a runed translucent gate.
 16402 | Lair:5   | Noticed Kirke
 16418 | Lair:5   | Killed Kirke
 16433 | Lair:5   | You fall into a shaft and drop 1 floor!
 16433 | Lair:6   | Entered Level 6 of the Lair of Beasts
 17013 | Lair:6   | Noticed an entropy weaver
 17013 | Lair:6   | Noticed an entropy weaver
 17096 | Lair:6   | Received a gift from Yredelemnul (a wight)
 17221 | Lair:6   | Reached skill level 10 in Fighting
 17287 | Lair:6   | Reached ****** piety under Yredelemnul
 17404 | Lair:6   | Received a gift from Yredelemnul (a wraith)
 17526 | Lair:6   | Killed an entropy weaver
 18098 | Lair:6   | Found a staircase to the Slime Pits.
 18130 | Lair:6   | Received a gift from Yredelemnul (a wraith)
 18212 | Lair:6   | Reached skill level 11 in Fighting
 18365 | Lair:6   | Received a gift from Yredelemnul (a wraith)
 18605 | Lair:6   | Got an ancient zirconium amulet
 18726 | Lair:6   | Killed an entropy weaver
 18726 | Lair:6   | Reached XP level 14. HP: 95/124 MP: 20/20
 18835 | Lair:6   | Identified the amulet "Hyivodghi" {Faith rN+ Int-2 Dex+4}
                  | (You found it on level 6 of the Lair of Beasts)
 18995 | Orc:1    | Entered Level 1 of the Orcish Mines
 18995 | Orc:1    | Found Qiemnom's Food Emporium.
 18995 | Orc:1    | Found Maireosk's Assorted Antiques.
 19219 | Orc:1    | Found Buodidimun's Magic Scroll Shoppe.
 19319 | Orc:2    | Entered Level 2 of the Orcish Mines
 19322 | Orc:2    | Received a gift from Yredelemnul (a skeletal warrior)
 19384 | Orc:1    | Found a roughly hewn altar of Beogh.
 19519 | Orc:1    | Found Vuf Pafy's Antique Weapon Emporium.
 19718 | Orc:1    | Noticed Fannar
 19729 | Orc:1    | Killed Fannar
 20100 | Orc:2    | Reached skill level 10 in Armour
 20158 | Orc:2    | Found Haiclyrph's Food Shop.
 20159 | Orc:2    | Found Ceseduk's Magic Scroll Boutique.
 20185 | Orc:2    | Received a gift from Yredelemnul (a vampire knight)
 20214 | Orc:2    | Your ally Nergalle died
 20447 | Orc:2    | Received a gift from Yredelemnul (a vampire knight)
 20458 | Orc:2    | Noticed an orc warlord
 20462 | Orc:2    | Received a gift from Yredelemnul (a wraith)
 20466 | Orc:2    | Found a staircase to the Elven Halls.
 20474 | Orc:2    | Killed an orc warlord
 20474 | Orc:2    | Enslaved an orc warlord
 20714 | Orc:2    | Found a roughly hewn altar of Beogh.
 20837 | Orc:2    | Found a transporter.
 20855 | Orc:2    | Noticed Thomus's ghost (journeyman DECj)
 20872 | Orc:2    | Found a transporter.
 20911 | Orc:2    | Cast into level 2 of the Abyss (orc warrior)
 20970 | Orc:2    | Escaped the Abyss
 21035 | Orc:2    | Received a gift from Yredelemnul (a vampire knight)
 21059 | Orc:2    | Reached skill level 12 in Fighting
 21080 | Orc:2    | Received a gift from Yredelemnul (a vampire knight)
 21238 | Orc:2    | Found Yptytown's Gadget Shoppe.
 21238 | Orc:2    | Found a one-way gate leading to the halls of Pandemonium.
 21238 | Orc:2    | Found Fuved's Antique Weapon Emporium.
 21242 | Orc:2    | Bought a glowing broad axe for 210 gold pieces
 21543 | D:10     | Entered Level 10 of the Dungeon
 21581 | D:10     | Noticed Josephine
 21589 | D:10     | Killed Josephine
 21716 | D:10     | Received a gift from Yredelemnul (a vampire)
 21910 | D:10     | Received a gift from Yredelemnul (a bone dragon)
 21989 | D:10     | Received a gift from Yredelemnul (a skeletal warrior)
 22405 | D:11     | Received a gift from Yredelemnul (a profane servitor)
 22429 | D:11     | Found a flagged portal.
 22468 | Bailey   | Entered a bailey
 22879 | D:11     | Received a gift from Yredelemnul (a profane servitor)
 22934 | D:11     | Found a runed translucent door.
 22937 | D:11     | Noticed a storm dragon
 23055 | D:11     | Received a gift from Yredelemnul (a skeletal warrior)
 23369 | D:11     | Received a gift from Yredelemnul (a ghoul)
 23369 | D:11     | Received a gift from Yredelemnul (a flayed ghost)
 24071 | D:11     | Killed a storm dragon
 24076 | D:11     | Reached XP level 15. HP: 32/134 MP: 4/21
 24577 | Shoals:1 | Entered Level 1 of the Shoals
 24775 | Shoals:1 | Reached skill level 15 in Shields
 24869 | Shoals:1 | Reached skill level 13 in Fighting
 24870 | Shoals:1 | Received a gift from Yredelemnul (a ghoul)
 24879 | Shoals:1 | Found a runed translucent gate.
 24881 | Shoals:1 | Found a runed translucent gate.
 24882 | Shoals:1 | Found a runed translucent gate.
 24882 | Shoals:1 | Noticed KappaVara's ghost (adept DsFi)
 24908 | Shoals:1 | Killed KappaVara's ghost
 24916 | Shoals:1 | Got a crystal war axe
 24922 | Shoals:1 | Got a heavily runed platinum ring
 24935 | Shoals:1 | Identified the +2 war axe of Vieskahe {vorpal, *Rage Str+7}
                  | (You found it on level 1 of the Shoals)
 25159 | Shoals:1 | You fall into a shaft and drop 1 floor!
 25161 | Shoals:2 | Identified the ring "Maritoenn" {rC++ rN+ Str+4} (You found
                  | it on level 1 of the Shoals)
 25430 | Shoals:2 | Received a gift from Yredelemnul (a flayed ghost)
 25490 | Shoals:2 | Noticed Ilsuiw
 25514 | Shoals:2 | Killed Ilsuiw
 25531 | Shoals:2 | Received a gift from Yredelemnul (a vampire knight)
 25566 | Shoals:2 | Noticed Nikola
 25585 | Shoals:2 | Killed Nikola
 25596 | Shoals:2 | Received a gift from Yredelemnul (a skeletal warrior)
 26189 | Shoals:1 | You fall into a shaft and drop 1 floor!
 26615 | Shoals:1 | Found Gaaton's Armour Shop.
 26618 | Shoals:1 | Bought the +8 chain mail of the Fiddle {rElec rCorr Stlth+}
                  | for 1338 gold pieces
 26837 | Shoals:3 | Identified Emadimek's Reference Book on Necromancy and
                  | Companions
 27697 | Shoals:4 | Entered Level 4 of the Shoals
 27909 | Shoals:4 | Reached XP level 16. HP: 145/145 MP: 22/22
 27924 | Shoals:4 | Killed Donald
 27926 | Shoals:4 | Received a gift from Yredelemnul (a skeletal warrior)
 27927 | Shoals:4 | Reached skill level 14 in Fighting
 27950 | Shoals:4 | Received a gift from Yredelemnul (a ghoul)
 27972 | Shoals:4 | Received a gift from Yredelemnul (a phantasmal warrior)
 28636 | Shoals:4 | Got a barnacled rune of Zot
 29657 | Snake:1  | Entered Level 1 of the Snake Pit
 29664 | Snake:1  | Received a gift from Yredelemnul (a vampire)
 29667 | Snake:1  | Noticed Aizul
 29676 | Snake:1  | Killed Aizul
 30063 | Snake:1  | Received a gift from Yredelemnul (a vampire)
 31007 | Snake:2  | Reached skill level 15 in Fighting
 31264 | Snake:2  | Reached XP level 17. HP: 156/156 MP: 23/23
 32090 | Snake:3  | Received a gift from Yredelemnul (a phantasmal warrior)
 32620 | Snake:3  | Found Wululo's Book Boutique.
 32662 | Snake:3  | Received a gift from Yredelemnul (a vampire knight)
 32988 | Snake:4  | Entered Level 4 of the Snake Pit
 33200 | Snake:4  | Received a gift from Yredelemnul (a vampire knight)
 33443 | Snake:4  | Received a gift from Yredelemnul (a flayed ghost)
 34039 | Snake:4  | Received a gift from Yredelemnul (a flayed ghost)
 34055 | Snake:4  | Reached skill level 16 in Fighting
 34060 | Snake:4  | Received a gift from Yredelemnul (a ghoul)
 34436 | Snake:4  | Got a serpentine rune of Zot
 34938 | D:12     | Found Xudoenn's Antique Armour Shoppe.
 34942 | D:12     | Bought a shiny helmet for 210 gold pieces
 34965 | D:12     | Found Wiumela's Antique Armour Shoppe.
 34990 | D:12     | Noticed Sonja
 34992 | D:12     | Found Jurghapuy's Gadget Boutique.
 34997 | D:12     | Killed Sonja
 35063 | D:12     | Noticed Azrael
 35069 | D:12     | Reached XP level 18. HP: 166/166 MP: 24/24
 35081 | D:12     | Killed Azrael
 35081 | D:12     | Received a gift from Yredelemnul (a flayed ghost)
 35237 | D:12     | Found Xedu's Distillery.
 35244 | D:12     | Bought a potion of heal wounds for 65 gold pieces
 35244 | D:12     | Bought a potion of might for 52 gold pieces
 35244 | D:12     | Bought a potion of heal wounds for 65 gold pieces
 35244 | D:12     | Bought a potion of mutation for 104 gold pieces
 35244 | D:12     | Bought a potion of heal wounds for 65 gold pieces
 35244 | D:12     | Bought 2 potions of heal wounds for 130 gold pieces
 35329 | D:12     | Found Ecking's Weapon Boutique.
 35691 | D:13     | Received a gift from Yredelemnul (a flayed ghost)
 35864 | D:13     | Noticed Frances
 35870 | D:13     | Killed Frances
 35870 | D:13     | Enslaved Frances
 36015 | D:13     | Received a gift from Yredelemnul (a skeletal warrior)
 36166 | D:13     | Received a gift from Yredelemnul (a vampire)
 36967 | D:14     | Found a white marble altar of Elyvilon.
 36967 | D:14     | Found a stormy altar of Qazlal.
 37121 | D:14     | Reached skill level 10 in Invocations
 37425 | D:14     | Found a gate to the Vaults.
 37433 | D:14     | Received a gift from Yredelemnul (a vampire)
 37590 | D:14     | Reached skill level 15 in Armour
 38167 | D:14     | Received a gift from Yredelemnul (a ghoul)
 38260 | D:15     | Entered Level 15 of the Dungeon
 38315 | D:15     | Found a sacrificial altar of Ru.
 38447 | D:15     | Received a gift from Yredelemnul (a flayed ghost)
 38656 | D:15     | Received a gift from Yredelemnul (a vampire knight)
 38790 | D:15     | Received a gift from Yredelemnul (a phantasmal warrior)
 38847 | D:15     | Received a gift from Yredelemnul (a flayed ghost)
 39005 | D:15     | Found the +3 giant club "Skullcrusher" {speed, Str+7}
 39286 | D:15     | Found a staircase to the Depths.
 39667 | Lair:5   | Received a gift from Yredelemnul (a vampire knight)
 39699 | Lair:5   | Killed Vuopinle's ghost
 40159 | Orc:2    | Killed Thomus's ghost
 40415 | Vaults:1 | Entered Level 1 of the Vaults
 40554 | Vaults:1 | Received a gift from Yredelemnul (a flayed ghost)
 40954 | Vaults:1 | Found Qecrah's Book Shoppe.
 41304 | Vaults:1 | Received a gift from Yredelemnul (a skeletal warrior)
 41428 | Vaults:1 | Reached skill level 17 in Fighting
 41576 | Vaults:2 | Reached XP level 19. HP: 177/177 MP: 27/27
 41645 | Vaults:2 | Found a huge runed gate.
 41645 | Vaults:2 | Found a huge runed gate.
 41645 | Vaults:2 | Found a huge runed gate.
 41645 | Vaults:2 | Found a huge runed gate.
 41645 | Vaults:2 | Found a huge runed gate.
 41646 | Vaults:2 | Found a huge runed gate.
 41646 | Vaults:2 | Found a huge runed gate.
 41646 | Vaults:2 | Found a huge runed gate.
 41646 | Vaults:2 | Found a huge runed gate.
 41646 | Vaults:2 | Found a huge runed gate.
 41656 | Vaults:2 | Found a huge runed gate.
 41657 | Vaults:2 | Found a huge runed gate.
 41659 | Vaults:2 | Found a huge runed gate.
 41660 | Vaults:2 | Found a huge runed gate.
 41661 | Vaults:2 | Found a huge runed gate.
 41662 | Vaults:2 | Found a huge runed gate.
 41664 | Vaults:2 | Received a gift from Yredelemnul (a ghoul)
 41717 | Vaults:2 | Found a ruined gateway.
 41825 | Desolati | Entered the Desolation of Salt
 41970 | Desolati | Received a gift from Yredelemnul (a skeletal warrior)
 41990 | Desolati | Received a gift from Yredelemnul (a flayed ghost)
 42434 | Desolati | Got a translucent lapis lazuli ring
 42438 | Desolati | Got an ancient chain mail
 42451 | Desolati | Received a gift from Yredelemnul (a vampire knight)
 42765 | Desolati | Got a masterwork hand axe
 42772 | Desolati | Got a translucent iron amulet
 42793 | Desolati | Got a pitted copper ring
 42798 | Desolati | Got a bound lapis lazuli ring
 42804 | Desolati | Got a twisted arbalest
 42811 | Desolati | Found the +12 Vampire's Tooth {vamp}
 42822 | Desolati | Received a gift from Yredelemnul (a ghoul)
 42901 | Desolati | Identified the ring of Foxziuf {Ice *Contam MR+++ Int+4
                  | Dex-2} (You found it in the Desolation of Salt)
 42902 | Desolati | Identified the amulet "Plog" {*Drain rF+ rC+ Regen+} (You
                  | found it in the Desolation of Salt)
 42903 | Desolati | Identified the ring "Busoir" {+Inv rElec MP+9 Str-5 Int+3}
                  | (You found it in the Desolation of Salt)
 42904 | Desolati | Identified the ring "Noapemn" {+Inv rElec Str+6 Dex-4} (You
                  | found it in the Desolation of Salt)
 42905 | Desolati | Identified the cursed +1 chain mail "Ogeh" {Str+6} (You
                  | found it in the Desolation of Salt)
 42907 | Desolati | Identified the +3 arbalest of Obidox {penet, rPois} (You
                  | found it in the Desolation of Salt)
 42908 | Desolati | Identified the +7 hand axe "Ciebuod" {holy, rF+} (You found
                  | it in the Desolation of Salt)
 42931 | Desolati | Received a gift from Yredelemnul (a vampire)
 43253 | Desolati | Identified the Reference Book on the Cloudy Snowflakes
 43260 | Desolati | Identified Sif Muna's Handbook of Combat Magic
 43290 | Desolati | Received a gift from Yredelemnul (a ghoul)
 43497 | Desolati | Received a gift from Yredelemnul (a skeletal warrior)
 44109 | Vaults:2 | Received a gift from Yredelemnul (a skeletal warrior)
 44761 | Vaults:2 | Found a huge runed gate.
 44776 | Vaults:2 | Found a huge runed gate.
 44776 | Vaults:2 | Found a huge runed gate.
 44776 | Vaults:2 | Found a huge runed gate.
 44776 | Vaults:2 | Found a huge runed gate.
 44776 | Vaults:2 | Found a huge runed gate.
 44776 | Vaults:2 | Found a huge runed gate.
 44776 | Vaults:2 | Found a huge runed gate.
 44777 | Vaults:2 | Found a huge runed gate.
 44778 | Vaults:2 | Found a huge runed gate.
 44786 | Vaults:2 | Found a huge runed gate.
 44786 | Vaults:2 | Found a huge runed gate.
 44786 | Vaults:2 | Found a huge runed gate.
 44786 | Vaults:2 | Found a huge runed gate.
 44786 | Vaults:2 | Found a huge runed gate.
 44786 | Vaults:2 | Found a huge runed gate.
 44786 | Vaults:2 | Found a huge runed gate.
 44787 | Vaults:2 | Found a huge runed gate.
 44788 | Vaults:2 | Found a huge runed gate.
 44796 | Vaults:2 | Found a huge runed gate.
 45139 | Vaults:2 | Received a gift from Yredelemnul (a flayed ghost)
 45226 | Vaults:2 | Received a gift from Yredelemnul (a skeletal warrior)
 45379 | Vaults:2 | Found a staircase to the Crypt.
 45518 | Vaults:2 | Reached skill level 18 in Fighting
 45827 | Vaults:2 | Reached XP level 20. HP: 174/187 MP: 30/30
 46439 | Vaults:2 | Your ally Frances died
 47314 | Vaults:3 | Received a gift from Yredelemnul (a vampire)
 47568 | Vaults:3 | Received a gift from Yredelemnul (a vampire)
 48559 | Vaults:4 | Found a stormy altar of Qazlal.
 49116 | Vaults:4 | Paralysed by a great orb of eyes for 7 turns
 49148 | Vaults:4 | Got a steaming chain mail
 49149 | Vaults:4 | Identified the +0 chain mail of Untold Secrets {rC+++
                  | Regen+ Str-5} (You found it on level 4 of the Vaults)
 49302 | Vaults:4 | Reached skill level 19 in Fighting
 49433 | Vaults:4 | Received a gift from Yredelemnul (a vampire knight)
 49645 | Vaults:4 | Reached XP level 21. HP: 197/198 MP: 32/32
 49758 | Vaults:4 | Reached skill level 15 in Invocations
 50396 | Vaults:4 | Found Gowastiu's Magic Scroll Emporium.
 50404 | Vaults:4 | Bought a scroll of enchant weapon for 97 gold pieces
 50404 | Vaults:4 | Bought a scroll of enchant armour for 97 gold pieces
 51393 | Elf:1    | Entered Level 1 of the Elven Halls
 51404 | Elf:1    | Cast into level 3 of the Abyss (a deep elf demonologist)
 51404 | Abyss:3  | Found a corrupted altar of Lugonu.
 51434 | Abyss:3  | Received a gift from Yredelemnul (a vampire knight)
 51624 | Abyss:3  | Received a gift from Yredelemnul (a vampire)
 51653 | Abyss:3  | Found a corrupted altar of Lugonu.
 51790 | Abyss:3  | Received a gift from Yredelemnul (a flayed ghost)
 51793 | Abyss:3  | Got an abyssal rune of Zot
 51799 | Elf:1    | Escaped the Abyss
 52032 | Elf:1    | Cast into level 3 of the Abyss (a deep elf demonologist)
 52276 | Abyss:3  | Reached skill level 20 in Fighting
 52524 | Abyss:3  | Received a gift from Yredelemnul (a vampire)
 52544 | Abyss:3  | Reached skill level 5 in Throwing
 52549 | Elf:1    | Escaped the Abyss
 52845 | Elf:1    | You fall into a shaft and drop 1 floor!
 52894 | Elf:2    | Received a gift from Yredelemnul (a flayed ghost)
 53433 | Elf:2    | Received a gift from Yredelemnul (a vampire)
 53478 | Elf:2    | Found Lizxa's Book Shop.
 53826 | Elf:2    | Found a huge runed translucent gate.
 53828 | Elf:2    | Found a huge runed translucent gate.
 53828 | Elf:2    | Found a huge runed translucent gate.
 53829 | Elf:2    | Found a huge runed translucent gate.
 53829 | Elf:2    | Found a huge runed translucent gate.
 53981 | Elf:2    | Reached XP level 22. HP: 192/211 MP: 33/33
 54603 | Elf:1    | Received a gift from Yredelemnul (a vampire knight)
 54652 | Elf:1    | Received a gift from Yredelemnul (a skeletal warrior)
 55383 | Crypt:1  | Entered Level 1 of the Crypt
 55801 | Crypt:1  | Received a gift from Yredelemnul (a vampire knight)
 55856 | Crypt:1  | Received a gift from Yredelemnul (a flayed ghost)
 55866 | Crypt:1  | Reached skill level 21 in Fighting
 56357 | Crypt:2  | Received a gift from Yredelemnul (a ghoul)
 56729 | Crypt:2  | Received a gift from Yredelemnul (a vampire knight)
 57412 | Crypt:3  | Entered Level 3 of the Crypt
 57679 | Crypt:3  | Found a basalt altar of Yredelemnul.
 57701 | Crypt:3  | Received a gift from Yredelemnul (a skeletal warrior)
 57898 | Crypt:3  | Received a gift from Yredelemnul (a phantasmal warrior)
 58415 | Crypt:3  | Found a staircase to the Tomb.
 58415 | Crypt:3  | Noticed Khufu
 58430 | Crypt:3  | Killed Khufu
 58537 | Crypt:3  | Reached XP level 23. HP: 211/222 MP: 34/34
 58538 | Crypt:3  | Received a gift from Yredelemnul (a flayed ghost)
 58661 | Crypt:3  | Reached skill level 22 in Fighting
 58808 | Crypt:3  | Identified Xiquckuy's Volume of Changing and Ice
 58959 | Crypt:3  | Identified a scroll of acquirement
 58960 | Crypt:3  | Acquired the +1 tower shield of Sin {rN+}
 59407 | Elf:3    | Entered Level 3 of the Elven Halls
 59648 | Elf:3    | Received a gift from Yredelemnul (a ghoul)
 59990 | Elf:3    | Received a gift from Yredelemnul (a phantasmal warrior)
 60250 | Elf:3    | Identified the +5 long sword of Irhuuniy {drain, +Blink rC+
                  | rN+}
 60376 | Elf:3    | Found Luim's General Store.
 60379 | Elf:3    | Bought a potion of haste for 160 gold pieces
 60379 | Elf:3    | Bought a potion of haste for 160 gold pieces
 60548 | Elf:3    | Identified the +10 war axe of Corruption {protect, *Contam
                  | rC+ Str+3}
 60549 | Elf:3    | Identified the +4 chain mail of Integrity {rPois rC+
                  | Regen+}
 60553 | Elf:3    | Received a gift from Yredelemnul (a vampire)
 60573 | Elf:3    | Identified the +1 robe of Apauwex {MR+ Stlth+}
 60596 | Elf:3    | Reached skill level 23 in Fighting
 60608 | Elf:3    | Cast into level 3 of the Abyss (a ghostly deep elf
                  | sorcerer)
 60618 | Abyss:3  | Found a burning altar of Makhleb.
 60646 | Abyss:3  | Received a gift from Yredelemnul (a flayed ghost)
 60686 | Elf:3    | Escaped the Abyss
 60896 | Elf:3    | Got a transparent ivory amulet
 60898 | Elf:3    | Identified the amulet "Atoidete" {Spirit Fragile rElec
                  | rPois Stlth+} (You took it off a deep elf demonologist on
                  | level 3 of the Elven Halls)
 61098 | Elf:3    | Got a pair of spiked boots
 61129 | Elf:3    | Identified the +0 pair of boots of Insurance {Regen+ rCorr
                  | Int+6 Dex-5} (You found it on level 3 of the Elven Halls)
 61741 | Vaults:5 | Entered Level 5 of the Vaults
 61754 | Vaults:5 | Received a gift from Yredelemnul (a skeletal warrior)
 61935 | Vaults:5 | Received a gift from Yredelemnul (a flayed ghost)
 62237 | Vaults:5 | Noticed an ancient lich
 62465 | Vaults:5 | Reached XP level 24. HP: 201/237 MP: 28/34
 62467 | Vaults:5 | Reached skill level 24 in Fighting
 62484 | Vaults:4 | Killed an ancient lich
 62573 | Vaults:5 | Paralysed by a lich for 6 turns
 62583 | Vaults:4 | Received a gift from Yredelemnul (a vampire knight)
 62763 | Vaults:5 | Identified the ring "Quyr" {rN++ rCorr Int+2 Slay-5}
 62817 | Vaults:5 | Received a gift from Yredelemnul (a vampire knight)
 62968 | Vaults:5 | Identified the ring of Puwat {rN+ Int+6}
 62976 | Vaults:5 | Noticed Frederick
 62982 | Vaults:5 | Noticed an ancient lich
 62989 | Vaults:5 | Received a gift from Yredelemnul (a vampire knight)
 62994 | Vaults:5 | Killed Frederick
 62995 | Vaults:5 | Identified the +5 broad axe "Giantslayer" {vorpal, *Corrode
                  | rN++ SInv}
 63120 | Vaults:4 | Reached skill level 25 in Fighting
 63123 | Vaults:4 | Killed an ancient lich
 63402 | Vaults:5 | Got a slimy copper ring
 63441 | Vaults:5 | Got a vibrating copper ring
 63445 | Vaults:5 | Got a pair of smoking boots
 63456 | Vaults:5 | Identified the +0 pair of boots "Aridiwih" {*Contam rF++
                  | rN+ Stlth+} (You found it on level 5 of the Vaults)
 63456 | Vaults:5 | Identified the ring "Ceolireg" {rF++ rC+ Str-5 Int+4 SInv}
                  | (You found it on level 5 of the Vaults)
 63457 | Vaults:5 | Identified the ring "Cuxzoove" {rF- rN+ MR+ MP+9 Str+4}
                  | (You found it on level 5 of the Vaults)
 63740 | Vaults:5 | Found Nojemum's Assorted Antiques.
 63747 | Vaults:5 | Bought a scroll of blinking for 337 gold pieces
 63831 | Vaults:5 | Got a brightly glowing plate armour
 63833 | Vaults:5 | Got a smoking plate armour
 63834 | Vaults:5 | Identified the +8 plate armour of Brilliance {-Cast +Blink
                  | rN+ Int+6} (You found it on level 5 of the Vaults)
 63835 | Vaults:5 | Identified the +10 plate armour "Bieqokhaof" {rElec rC+
                  | Int-2 Dex+6} (You found it on level 5 of the Vaults)
 63868 | Vaults:5 | Found the +7 great mace "Firestarter" {inner flame, rF++}
 64183 | Vaults:5 | Got a silver rune of Zot
 64697 | Orc:2    | Bought a scroll of enchant armour for 97 gold pieces
 64697 | Orc:2    | Bought a scroll of blinking for 97 gold pieces
 65303 | Vaults:5 | Bought a scroll of enchant armour for 337 gold pieces
 65741 | Depths:1 | Entered Level 1 of the Depths
 65779 | Depths:1 | Received a gift from Yredelemnul (a phantasmal warrior)
 65833 | Depths:1 | Received a gift from Yredelemnul (a ghoul)
 65967 | Depths:1 | Found a gateway to Hell.
 66079 | Depths:1 | Paralysed by a great orb of eyes for 2 turns
 66162 | Depths:1 | Reached XP level 25. HP: 243/253 MP: 34/34
 66168 | Depths:1 | Identified the cursed +1 dagger "Joufolu" {flame, rPois}
 66213 | Depths:1 | Reached skill level 26 in Fighting
 66214 | Depths:1 | Received a gift from Yredelemnul (a ghoul)
 66836 | Depths:2 | Received a gift from Yredelemnul (a phantasmal warrior)
 66885 | Depths:2 | Found a one-way gate to the infinite horrors of the Abyss.
 66927 | Depths:2 | Received a gift from Yredelemnul (a vampire knight)
 67145 | Depths:2 | Found a gateway to a ziggurat.
 67153 | Depths:2 | Received a gift from Yredelemnul (a vampire knight)
 67179 | Depths:2 | Noticed Sojobo
 67199 | Depths:2 | Killed Sojobo
 67365 | Depths:2 | Noticed Bai Suzhen
 67371 | Depths:2 | Killed Bai Suzhen
 67371 | Depths:2 | Enslaved Bai Suzhen
 67485 | Depths:2 | Noticed Mara
 67491 | Depths:2 | Noticed AlexTheUnready's illusion
 67495 | Depths:2 | Killed Mara
 67495 | Depths:2 | Enslaved Mara
 67561 | Depths:2 | Noticed the Enchantress
 67561 | Depths:2 | Identified the +8 giant club of Destiny {protect, rElec
                  | Str+3 Dex+3}
 67561 | Depths:2 | Identified the cursed +8 giant club of Geerpholi {freeze,
                  | MP+9 Int+2 Dex+3}
 67571 | Depths:2 | Killed the Enchantress
 67846 | Depths:2 | Found a bloodstained altar of Trog.
 68801 | Depths:3 | Received a gift from Yredelemnul (a vampire knight)
 69245 | Depths:3 | Found the +10 morningstar "Eos" {elec, Halo rElec}
 69422 | Depths:3 | Identified the ring "Doplucs" {rElec rF+ Dex+2 Slay+5 SInv}
 69487 | Depths:3 | Found a sacrificial altar of Ru.
 69701 | Depths:3 | Found a runed translucent door.
 69701 | Depths:3 | Noticed Fuofotem's ghost (adept TrMo)
 69993 | Depths:3 | Killed Fuofotem's ghost
 70068 | Depths:4 | Reached skill level 27 in Fighting
 70078 | Depths:4 | Received a gift from Yredelemnul (a flayed ghost)
 70255 | Depths:4 | Found a portal to a secret trove of treasure.
 70426 | Depths:4 | Received a gift from Yredelemnul (a vampire knight)
 71066 | Depths:4 | Found a corrupted altar of Lugonu.
 71151 | Depths:5 | Entered Level 5 of the Depths
 71160 | Depths:5 | Reached XP level 26. HP: 256/266 MP: 34/34
 71401 | Depths:5 | Reached skill level 10 in Throwing
 71622 | Depths:5 | Paralysed by a sphinx for 2 turns
 71629 | Depths:5 | Received a gift from Yredelemnul (a flayed ghost)
 72024 | Depths:5 | Received a gift from Yredelemnul (a phantasmal warrior)
 72324 | Depths:5 | Received a gift from Yredelemnul (a flayed ghost)
 72324 | Depths:5 | Found a gate to the Realm of Zot.
 73535 | Zot:1    | Entered Level 1 of the Realm of Zot
 74004 | Zot:1    | Received a gift from Yredelemnul (a ghoul)
 74145 | Zot:1    | Noticed an orb of fire
 74165 | Zot:1    | Killed an orb of fire
 74308 | Zot:1    | Noticed an orb of fire
 74318 | Zot:1    | Gained mutation: You are weak. (Str -2) [an orb of fire]
 74325 | Zot:1    | Killed an orb of fire
 74646 | Zot:2    | Noticed an orb of fire
 74663 | Zot:2    | Gained mutation: You are very weak. (Str -4) [an orb of
                  | fire]
 74673 | Zot:2    | Killed an orb of fire
 75255 | Zot:2    | Reached XP level 27. HP: 259/273 MP: 34/34
 75569 | Zot:2    | Received a gift from Yredelemnul (a skeletal warrior)
 76178 | Zot:3    | Received a gift from Yredelemnul (a phantasmal warrior)
 76487 | Zot:3    | Received a gift from Yredelemnul (a ghoul)
 77324 | Zot:3    | Received a gift from Yredelemnul (a flayed ghost)
 77649 | Zot:4    | Reached skill level 15 in Throwing
 77649 | Zot:4    | Received a gift from Yredelemnul (a ghoul)
 78294 | Zot:4    | Received a gift from Yredelemnul (a ghoul)
 78929 | Zot:5    | Entered Level 5 of the Realm of Zot
 80636 | Zot:5    | Noticed an ancient lich
 80658 | Zot:5    | Killed an ancient lich
 80836 | Zot:5    | Noticed an ancient lich
 80850 | Zot:5    | Killed an ancient lich
 80927 | Zot:5    | Noticed an orb of fire
 80932 | Zot:5    | Gained mutation: Your magical capacity is low. (-10% MP)
                  | [an orb of fire]
 80947 | Zot:5    | Gained mutation: You tend to lose your temper in combat.
                  | [an orb of fire]
 80957 | Zot:5    | Gained mutation: You are clumsy. (Dex -2) [an orb of fire]
 80959 | Zot:5    | Killed an orb of fire
 80984 | Zot:5    | Lost mutation: You are clumsy. (Dex -2) [potion of
                  | mutation]
 80984 | Zot:5    | Lost mutation: You are very weak. (Str -4) [potion of
                  | mutation]
 80984 | Zot:5    | Lost mutation: Your magical capacity is low. (-10% MP)
                  | [potion of mutation]
 80984 | Zot:5    | Lost mutation: You are weak. (Str -2) [potion of mutation]
 80984 | Zot:5    | Gained mutation: You are agile. (Dex +2) [potion of
                  | mutation]
 80984 | Zot:5    | Gained mutation: You have very sharp teeth. [potion of
                  | mutation]
 80984 | Zot:5    | Gained mutation: Your system is resistant to poisons.
                  | (rPois) [potion of mutation]
 81352 | Zot:5    | Received a gift from Yredelemnul (a ghoul)
 81352 | Zot:5    | Received a gift from Yredelemnul (a skeletal warrior)
 81502 | Zot:5    | Killed an ancient lich
 81696 | Zot:5    | Killed an orb of fire
 81842 | Zot:5    | Noticed an ancient lich
 81842 | Zot:5    | Noticed an ancient lich
 81872 | Zot:5    | Killed an ancient lich
 81884 | Zot:5    | Killed an ancient lich
 81944 | Zot:5    | Noticed an ancient lich
 81952 | Zot:5    | Killed an ancient lich
 82048 | Zot:5    | Killed an orb of fire
 82050 | Zot:5    | Killed an ancient lich
 82248 | Zot:5    | Got the Orb of Zot
 82290 | Zot:5    | Noticed Cizxuptyih the pandemonium lord
 82300 | Zot:5    | Received a gift from Yredelemnul (a vampire)
 82301 | Zot:5    | Killed Cizxuptyih the pandemonium lord
 82355 | Zot:3    | Noticed Womyding the pandemonium lord
 82366 | Zot:3    | Killed Womyding the pandemonium lord
 82406 | Zot:3    | Noticed Caqaaz the pandemonium lord
 82458 | Zot:2    | Noticed Felal the pandemonium lord
 82527 | Zot:1    | Received a gift from Yredelemnul (a profane servitor)
 82531 | Zot:1    | Noticed Dosoezu the pandemonium lord
 82996 | D:2      | Received a gift from Yredelemnul (a phantasmal warrior)
 83059 | D:1      | Lost mutation: Your system is resistant to poisons. (rPois)
                  | [potion of mutation]
 83059 | D:1      | Lost mutation: You tend to lose your temper in combat.
                  | [potion of mutation]
 83059 | D:1      | Lost mutation: You are agile. (Dex +2) [potion of mutation]
 83059 | D:1      | Gained mutation: Armour fits poorly on your strangely
                  | shaped body. [potion of mutation]
 83059 | D:1      | Gained mutation: You have a somewhat thin skeletal
                  | structure. (Dex +2, Stealth) [potion of mutation]
 83060 | D:1      | Lost mutation: Armour fits poorly on your strangely shaped
                  | body. [potion of mutation]
 83060 | D:1      | Gained mutation: You have a pair of small antennae on your
                  | head. [potion of mutation]
 83060 | D:1      | Gained mutation: You have sharp toenails. [potion of
                  | mutation]
 83062 | D:$      | Escaped with the Orb!

Illustrated notes

Levels and vault maps discovered:
D:1:      heliophobic_arrival_enchanted_forest, layout_loops_ring,
          minmay_misc_feat_square
D:2:      layout_loops_cross
D:3:      layout_rooms, grunt_temple_overflow_holy_war, uniq_natasha,
          uniq_grinder
D:4:      layout_cave_pools, serial_shops, nicolae_shop_waterfront,
          okawaru_metal_pillars_1_2, uniq_ijyb
D:5:      layout_loops_ring, xom_teletrap_fun, bloody_trog,
          minmay_temple_entry_glass, serial_shops, nicolae_shop_stone,
          first_ration, minmay_crystal_water, nicolae_qazlal_eye_of_the_storm
D:6:      minmay_clustersquares, layout_rooms, serial_shops,
          nicolae_shop_temple_entry_statues_fountains, nicolae_shop_trees,
          grunt_potential
D:7:      layout_loops_cross, nicolae_ossuary_entry_catacombs,
          kennysheep_generic_room_5, uniq_menkaure, uniq_maggie
D:8:      layout_layer_cave, amethyst_overflow_temple_binary, basic_altar,
          minmay_misc_feat_doors, uniq_grum
D:9:      layout_rooms, dpeg_oklobed_lair, hiddenorc2_lemuel, hangedman_ranch
          [blue_anna_fruit_fields], bh_circular_ruins
D:10:     layout_long_grid, uniq_josephine
D:11:     layout_basic, enter_bailey_7, minivault_13
D:12:     minmay_recursive_quarters, layout_rooms, serial_shops, shop, shop,
          shop, kennysheep_mini, shop, uniq_azrael, uniq_sonja
D:13:     layout_stronghold, nicolae_benzene_ring, minmay_liquid_box,
          kennysheep_kite_vault, uniq_frances
D:14:     lemuel_slime, layout_cave_pods, grunt_vaults_entry_tiered,
          infiniplex_staircase_pool_2, roderic_lattice_a, jmf_multi_god_temple
D:15:     hangedman_depths_entry_try_elsewhere_first, layout_basic,
          nicolae_ru_sacrificial_ziggurat, minmay_guarded_unrand_skullcrusher
Lair:1:   layout_roguey
Lair:2:   layout_long_grid, special_room [special_room_bee], grunt_megastairs_5
Lair:3:   cheibrodos_lair_overgrown_chateau, layout_gridlike,
          elwin_shoals_entry_rocks
Lair:4:   layout_regular_city, guppyfry_snake_entry_garden, uniq_nessos,
          uniq_nergalle, uniq_snorg
Lair:5:   layout_cave_pods, gammafunk_ghost_split, uniq_kirke
Lair:6:   minmay_lair_end_enchanted_forest, layout_gridlike,
          minmay_slime_entry_jelly_boxes, minmay_another_anthill
Shoals:1: layout_shoals, serial_shops, nicolae_shop_behind_doors,
          ebering_ghost_davey_jones, nicolae_shoals_mertower
Shoals:2: layout_shoals, nicolae_shoals_circle_sea_wall, uniq_nikola,
          uniq_ilsuiw
Shoals:3: layout_shoals, st_cyclops
Shoals:4: shoals_end_grunt_ice, layout_shoals, uniq_donald
Snake:1:  layout_rooms, uniq_aizul
Snake:2:  layout_chambers, hangedman_snake_thin_pillar_pass
Snake:3:  layout_onion_interference, serial_shops, nicolae_shop_behind_doors,
          drop_trap
Snake:4:  snake_pit, layout_basic, grunt_ministairs_12
Orc:1:    layout_caves, basic_altar, serial_shops, shop, shop_statue,
          nicolae_shop_temple_entry_statues_fountains, nicolae_shop_stone,
          uniq_fannar
Orc:2:    pf_orc_diabolical, layout_caves, basic_altar,
          gammafunk_ghost_stat_death
Elf:1:    elf_arrival_002, layout_gridlike, hangedman_elf_disciples
Elf:2:    layout_onion_city, serial_shops, shop, lemuel_elevator
Elf:3:    minmay_elf_hall_not_hex, layout_geoelf_diagonals, serial_shops,
          nicolae_shop_behind_doors
Vaults:1: v_alt_pattern_6, vaults_room_door_hall,
          ontoclasm_vaults_decontamination, vaults_room_pools, v_misc_18,
          hangedman_vaults_restitches, v_misc_14, vaults_room_corners,
          nicolae_vaults_murderbox, nicolae_vaults_triangles,
          nicolae_vaults_specimen_jars, layout_vaults_maze_bifur, serial_shops,
          shop
Vaults:2: vaults_dpeg_doors, v_misc_15, nicolae_vaults_windows_and_doors_thing,
          v_rooms_5, nicolae_vaults_network_star, vaults_dpeg_spiral,
          nicolae_vaults_back_hallway, ontoclasm_vaults_hangar,
          vaults_door_vault, hangedman_vaults_snaps, v_misc_24,
          vaults_room_fours, v_misc_24, nicolae_vaults_little_squares_3,
          layout_vaults_omnibox, portal_desolation_entry_salt
Vaults:3: st_smaller_cells, v_pattern_3, hangedman_vaults_slice,
          grunt_vaults_hallway_short, grunt_vaults_focal, hangedman_vaults_trim,
          vaults_room_stairs_pillars, ontoclasm_vaults_ligature,
          hangedman_vaults_impose, layout_vaults_omnigrid
Vaults:4: nicolae_vaults_shelves_hall, v_rooms_5, vaults_mumra_hex, v_misc_28,
          v_misc_9, vaults_dpeg_ring, vaults_room_hallway,
          dpeg_vaults_monster_box, vaults_room_fours,
          layout_vaults_chaotic_city, serial_shops, nicolae_shop_statue_plus,
          basic_altar, uniq_margery
Vaults:5: serial_shops, uniq_frederick
Crypt:1:  layout_gridlike
Crypt:2:  layout_gridlike
Crypt:3:  grunt_crypt_end_deaths_head
Depths:1: minmay_strange_plus, layout_cave_shapes,
          chequers_serial_rivers_micro_b, hangedman_tar_grid_catacomb,
          minmay_alternating_orb
Depths:2: spriggan_forest, hell_entry, abyss_entry, serial_shops,
          uniq_bai_suzhen, uniq_enchantress, uniq_sojobo, uniq_mara
Depths:3: minmay_the_grid_net [minmay_the_grid_dragon_b,
          minmay_the_grid_stretched_grid, minmay_the_grid_large_cup,
          minmay_the_grid_minigrid_medium, minmay_the_grid_paths,
          minmay_the_grid_prize_diamond_cup], layout_gridlike,
          minmay_tree_intersection, rand_demon_pan_entry_4,
          gammafunk_ghost_grave, hell_entry, lemuel_statue_altar
Depths:4: onia_ninara_swampy_vault, layout_cave_pools, hell_entry,
          kennysheep_doodads, abyss_entry_flame_altar,
          nicolae_trove_entry_columns
Depths:5: grunt_zot_entry_bicorn, layout_honeycomb, grunt_mini_vestibule,
          nicolae_two_hexagons, serial_bayou_shore_b
Zot:1:    layout_cellular_growth, grunt_megastairs_3
Zot:2:    layout_onion
Zot:3:    layout_gridlike, hangedman_elemental_corridor
Zot:4:    grunt_zot_stairs_overgrown, layout_twisted_circle
Zot:5:    layout_gridlike

Skill      XL: |  1  2  3  4  5  6  7  8  9 10 11 12 13 14 15 16 17 18 19 20 21 22 23 24 25 26 27 |
---------------+----------------------------------------------------------------------------------+-----
Throwing       | 2 3 4 5 6 7 9 12 17 | 17.7
Axes           | 5 6 7 8 9 11 13 14 16 17 18 | 18.0
Fighting       | 3 4 5 6 8 9 11 12 13 15 16 17 18 19 20 21 23 25 27 | 27.0
Armour         | 1 2 3 4 5 6 7 9 11 13 14 15 16 17 18 19 20 22 25 | 25.8
Shields        | 1 2 3 5 6 7 8 10 12 14 16 18 19 20 21 22 23 25 | 25.0
Invocations    | 2 4 6 8 9 11 13 14 15 | 15.0
Dodging        | |  2.4

Action                   |  1- 3 |  4- 6 |  7- 9 | 10-12 | 13-15 | 16-18 | 19-21 | 22-24 | 25-27 || total
-------------------------+-------+-------+-------+-------+-------+-------+-------+-------+-------++-------
Melee: War axe           |   101 |   166 |   599 |   642 |  1041 |  1045 |   421 |       |       ||  4015
       Trident           |       |       |       |     9 |       |       |       |       |       ||     9
       Broad axe         |       |       |       |       |       |       |   686 |   967 |  1614 ||  3267
       Bite              |       |       |       |       |       |       |       |       |    31 ||    31
Throw: Throwing net      |       |     1 |     2 |       |     1 |       |       |       |       ||     4
       Boomerang         |       |       |    15 |     4 |    22 |     5 |    40 |    20 |    58 ||   164
       Dart              |       |       |       |     1 |     5 |     2 |       |     4 |       ||    12
       Javelin           |       |       |       |       |       |       |       |    27 |    50 ||    77
Invok: Animate Dead      |       |       |       |     3 |     5 |     6 |     1 |     3 |    15 ||    33
       Recall Undead Sla |       |       |       |     1 |    18 |    12 |     6 |     5 |     9 ||    51
       Enslave Soul      |       |       |       |     1 |     2 |     1 |       |     1 |     2 ||     7
       Drain Life        |       |       |       |       |    15 |     8 |    11 |    12 |     4 ||    50
       Injury Mirror     |       |       |       |       |     1 |       |       |     1 |       ||     2
       Stop Recall       |       |       |       |       |       |       |       |       |     1 ||     1
Evoke: Wand              |       |       |       |     2 |     1 |       |     1 |     1 |     2 ||     7
  Use: Scroll            |       |     1 |    10 |     8 |     3 |     6 |    18 |    22 |     5 ||    73
       Potion            |       |       |       |       |     3 |     2 |     3 |     1 |    11 ||    20
 Stab: Held in net/web   |       |     1 |       |       |     1 |       |       |       |       ||     2
       Distracted        |       |       |       |     7 |    23 |    19 |    14 |    25 |    26 ||   114
       Paralysed         |       |       |       |       |     2 |     1 |       |     6 |     1 ||    10
       Petrified         |       |       |       |       |       |     3 |       |       |       ||     3
       Confused          |       |       |       |       |       |       |       |       |     4 ||     4
  Eat: Chunk             |       |     7 |     8 |    17 |    43 |    23 |    31 |    20 |    39 ||   188
       Ration            |       |       |     2 |     3 |     2 |     8 |     4 |     7 |     8 ||    34
Armor: Leather armour    |    30 |       |       |       |       |       |       |       |       ||    30
       Plate armour      |    52 |    97 |   244 |   235 |   267 |       |       |       |       ||   895
       Chain mail        |       |       |       |       |    11 |   290 |   269 |   362 |       ||   932
       Gold dragon scale |       |       |       |       |       |       |       |    35 |   618 ||   653
Dodge: Dodged            |    60 |    12 |    53 |   146 |   178 |   169 |   201 |   200 |   217 ||  1236
Block: Tower shield      |       |   122 |   417 |   566 |   907 |  1187 |  1043 |  1176 |  1657 ||  7075
